 Dungeon Crawl Stone Soup version 0.29.1-15-g9cfb28693d (webtiles) character file.

Game seed: 9818981510807330356

465 wingedge the Digger (level 6, -6/49 HPs)
             Began as a Demigod Wanderer on Apr 19, 2023.
             Mangled by Pikel
             ... wielding a +1 whip of flaming
              (9 damage)
             ... on level 4 of the Dungeon.
             The game lasted 00:09:56 (3322 turns).

wingedge the Digger (Demigod Wanderer)              Turns: 3322, Time: 00:09:57

Health: -6/49      AC:  7    Str:  8    XL:     6   Next: 50%
Magic:  2/11       EV:  9    Int: 30    God:
Gold:   303        SH:  0    Dex:  9    Spells: 5/9 levels left

rFire   . . .      SeeInvis .   b - +7 arbalest of Lust {freeze, rCorr Str-5 Int+9 Dex-5}
rCold   . . .      Faith    .   (shield currently unavailable)
rNeg    . . .      Spirit   .   e - +0 ring mail
rPois   +          Reflect  .   (no helmet)
rElec   .          Harm     .   u - +0 cloak
rCorr   +          Rampage  .   h - +0 pair of gloves
Will    .....                   (no boots)
Stlth   ..........              (no amulet)
HPRegen 0.16/turn               g - ring of poison resistance
MPRegen 0.12/turn               n - ring of resist corrosion

@: no status effects
A: high MP 1, forlorn, divine attributes
a: no special abilities


You were on level 4 of the Dungeon.
You visited 1 branch of the dungeon, and saw 6 of its levels.

You collected 303 gold pieces.

Inventory:

Hand Weapons
 a - a +0 long sword
 b - the +7 arbalest of Lust (weapon) {freeze, rCorr Str-5 Int+9 Dex-5}
   (You found it on level 4 of the Dungeon)

   Any ammunition fired from it freezes those it strikes, dealing additional
   cold damage.
   It can also slow down cold-blooded creatures.
   Str:       It affects your strength (-5).
   Int:       It affects your intelligence (+9).
   Dex:       It affects your dexterity (-5).
   rCorr:     It protects you from acid and corrosion.
 s - a +0 spear
 A - a +0 short sword
 D - a +0 dagger
Missiles
 y - 3 poisoned darts
Armour
 d - a +0 buckler of protection
 e - a +0 ring mail (worn)
 h - a +0 pair of gloves (worn)
 u - a +0 cloak (worn)
 x - a +0 robe
Magical Staves
 i - a staff of death
 r - a staff of air
Jewellery
 g - a ring of poison resistance (left hand)
 j - a ring of protection from fire
 n - a ring of resist corrosion (right hand)
 v - a ring of fire
Wands
 k - a wand of light (6)
Scrolls
 m - a scroll of fear
 o - 2 scrolls of vulnerability
 p - 2 scrolls of teleportation {unknown}
 t - a scroll of blinking {unknown}
 w - 2 scrolls of enchant armour {unknown}
 z - a scroll of magic mapping {unknown}
 B - a scroll of amnesia {unknown}
 F - a scroll of immolation {unknown}
Potions
 c - a potion of berserk rage
 f - 3 potions of might {unknown}
 l - a potion of attraction {unknown}
 q - a potion of heal wounds {unknown}
 C - 2 potions of flight {unknown}
 E - a potion of haste {unknown}


   Skills:
 + Level 2.3 Fighting
 - Level 1.0 Throwing
 - Level 2.0 Armour
 - Level 4.5 Shields
 - Level 2.0 Spellcasting
 - Level 2.1 Conjurations
 - Level 5.0 Earth Magic


You had 5 spell levels left.
You knew the following spells:

 Your Spells              Type           Power      Damage    Failure   Level
a - Sandblast             Erth           66%        2d15      3%          1
b - Stone Arrow           Conj/Erth      48%        3d10      17%         3

Your spell library contained the following spells:

 Spells                   Type           Power      Damage    Failure   Level
 Conjure Flame            Conj/Fire      9%         6-21      43%         3
 Ignite Poison            Fire/Tmut/Pois 3%         N/A       56%         3
 Sticky Flame             Conj/Fire      9%         2d3       83%         4
 Summon Lightning Spire   Summ/Air       3%         N/A       93%         4
 Storm Form               Tmut/Air       1%         N/A       100%        7
 Maxwell's Capacitive Co  Air            1%         ∞         100%        8


Dungeon Overview and Level Annotations

Branches:
Dungeon (6/15)
 Temple: D:4-7

Annotations:
D:4 Pikel


Innate Abilities, Weirdness & Mutations

You have an increased reservoir of magic. (+10% MP)
You shall have no god before yourself.
Your divine heritage dramatically boosts your attributes as you level up.


Message History

Pikel hits you with a +1 whip of flaming!
Pikel burns you.
Casting: Stone Arrow (dangerous; 17% risk of failure)
Confirm with . or Enter, or press ? or * to list all spells.
Aiming: Stone Arrow (dangerous; 17% risk of failure)
Press: ? - help, Shift-Dir - straight line, f/p - Pikel
Aim: Pikel, wielding a +1 whip of flaming and wearing a +0 robe (heavily wounded, 64% to hit)
The stone arrow misses Pikel.
The stone arrow hits the lemure!!
The lemure is almost dead.
The lemure closely misses you.
Pikel hits you with a +1 whip of flaming!
Pikel burns you.
Casting: Stone Arrow (dangerous; 17% risk of failure)
Confirm with . or Enter, or press ? or * to list all spells.
You don't have enough magic to cast this spell.
Unknown command.
Okay, then.
Fire: b) +7 arbalest of Lust {freeze, rCorr Str-5 Int+9 Dex-5}
Press: ? - help, Q - select action, (/) - cycle Shift-Dir - straight line, f/p - Pikel
Aim: Pikel, wielding a +1 whip of flaming and wearing a +0 robe (heavily wounded, 51% to hit)
You shoot a bolt. The bolt hits Pikel.
The bolt freezes Pikel.
Pikel is severely wounded.
The lemure closely misses you.
Pikel hits you with a +1 whip of flaming.
Pikel burns you. The lemure hits you.
* * * LOW HITPOINT WARNING * * *
Pikel hits you with a +1 whip of flaming.
* * * LOW HITPOINT WARNING * * *
Pikel burns you.
* * * LOW HITPOINT WARNING * * *
Fire: b) +7 arbalest of Lust {freeze, rCorr Str-5 Int+9 Dex-5}
Press: ? - help, Q - select action, (/) - cycle Shift-Dir - straight line, f/p - Pikel
Aim: Pikel, wielding a +1 whip of flaming and wearing a +0 robe (severely wounded, 51% to hit)
You shoot a bolt. The bolt hits Pikel.
The bolt freezes Pikel.
Pikel is almost dead.
The lemure hits you.
* * * LOW HITPOINT WARNING * * *
Pikel barely misses you. The lemure barely misses you.
Pikel hits you with a +1 whip of flaming!
You die...

#....# #....# ...
####....### ...
#.........# ....
###.........# .....
#...........# #..>.#
#...........####.....#
#...........##....#######
#.......@5.....#..##...^#
#...####K#####.<..[......
#...#


555 #.#..##.##.. #...# .#... #.#..##.###. #...##.#...# #.#####.# #. #..$## #...+
#.#.....# #. #... #...# #.#.##### ## ##### #...# ##### You could see Pikel and 4
lemures.

Vanquished Creatures
  An ice beast (D:4)
  3 necrophages
  2 jellies
  A hound (D:4)
  3 adders
  An ufetubus (D:4)
  A worm (D:4)
  4 dart slugs
  5 bats
  3 endoplasms
  10 goblins
  12 hobgoblins
  A quokka (D:1)
  8 ball pythons
  2 frilled lizards (D:1)
  3 kobolds
  4 rats
64 creatures vanquished.

Notes
Turn   | Place    | Note
-------+----------+-------------------------------------------
     0 | D:1      | wingedge the Demigod Wanderer began the quest for the Orb.
     0 | D:1      | wingedge set off with the following items: a +0 dagger, a
                  | +0 ring mail, a potion of berserk rage, a +0 buckler of
                  | protection; and the following spell memorised: Sandblast;
                  | and the following spells available to memorise: Stone
                  | Arrow.
     0 | D:1      | Reached XP level 1. HP: 14/14 MP: 4/4
   221 | D:1      | Reached skill level 2 in Earth Magic
   225 | D:1      | Reached XP level 2. HP: 15/20 MP: 5/5
   946 | D:1      | Reached XP level 3. HP: 26/26 MP: 6/6
  1159 | D:2      | Reached skill level 3 in Earth Magic
  2097 | D:3      | You fall into a shaft and drop 3 floors!
  2170 | D:5      | Entered Level 5 of the Dungeon
  2170 | D:5      | Noticed a necrophage
  2176 | D:5      | Killed a necrophage
  2177 | D:5      | Reached XP level 4. HP: 33/33 MP: 5/9
  2208 | D:5      | Reached skill level 4 in Earth Magic
  2208 | D:5      | Reached XP level 5. HP: 38/38 MP: 6/10
  2290 | D:4      | Noticed an ice beast
  2295 | D:4      | Killed an ice beast
  2296 | D:4      | Reached skill level 5 in Earth Magic
  2296 | D:4      | Reached skill level 1 in Fighting
  2570 | D:3      | Reached XP level 6. HP: 47/47 MP: 8/11
  2624 | D:3      | Learned a level 3 spell: Stone Arrow
  3060 | D:4      | Reached skill level 1 in Conjurations
  3230 | D:4      | Identified the +7 arbalest of Lust {freeze, rCorr Str-5
                  | Int+9 Dex-5}
  3316 | D:4      | Noticed Pikel
  3322 | D:4      | Mangled by Pikel

Illustrated notes

Levels and vault maps discovered:
D:1:      mrwooster_arrival_statue_3, layout_basic, moated_statue
D:2:      layout_loops_ring, basic_altar
D:3:      layout_basic
D:4:      layout_basic, minmay_small_thing, uniq_pikel
D:5:      layout_gridville, lemuel_coloured_pillars_altar, st_stairs_12,
          kennysheep_decorative_pillar
D:6:      layout_basic, temple_green, dreamdust_wishing_well, uniq_blork_the_orc

Skill      XL: |  1  2  3  4  5  6 |
---------------+-------------------+-----
Earth Magic    | 2 3 4 5 |  5.0
Armour         | 2 |  2.0
Spellcasting   | 2 |  2.0
Fighting       | 1 2 |  2.3
Conjurations   | 2 |  2.1
Throwing       | |  1.0
Shields        | |  4.5

Action                   |  1- 3 |  4- 6 || total
-------------------------+-------+-------++-------
Melee: Short sword       |   131 |       ||   131
       Dagger            |    12 |       ||    12
       Spear             |    17 |     7 ||    24
       Long sword        |       |     9 ||     9
 Fire: Arbalest          |       |     4 ||     4
Throw: Throwing net      |     1 |       ||     1
 Cast: Sandblast         |    18 |    23 ||    41
       Stone Arrow       |       |     3 ||     3
Evoke: Wand              |       |     3 ||     3
  Use: Scroll            |     4 |     1 ||     5
Armor: Ring mail         |    76 |     9 ||    85
Dodge: Dodged            |    60 |    12 ||    72
Block: Buckler           |    38 |     3 ||    41
